 Dungeon Crawl Stone Soup version 0.27-a0-1228-gfd60fd639a (webtiles) character file.

Game seed: 10579775816897875248

24 ZappyNine the Grave Robber (level 2, 0/15 HPs)
             Began as a Vampire Necromancer on June 7, 2021.
             Slain by an adder (3 damage)
             ... on level 2 of the Dungeon.
             The game lasted 00:00:59 (1041 turns).

ZappyNine the Grave Robber (Vampire Necromancer)    Turns: 1041, Time: 00:01:00

Health: 0/15       AC:  2    Str:  7    XL:     2   Next: 79%
Magic:  5/5        EV: 12    Int: 17    God:
Gold:   44         SH:  0    Dex: 14    Spells: 4/5 levels left

rFire    . . .     SeeInvis +   c - +0 dagger
rCold    + + .     Faith    .   (no shield)
rNeg     + + +     Spirit   .   a - +0 robe
rPois    ∞         Reflect  .   (no helmet)
rElec    .         Harm     .   (no cloak)
rCorr    .         Rampage  .   (no gloves)
Will     .....                  (no boots)
Stlth    ++++......             (no amulet)
HPRegen  0.00/turn              (no ring)
MPRegen  0.09/turn              (no ring)

@: bloodless
A: bloodless, fangs 3, see invisible, vampiric 1
a: Revivify


You were on level 2 of the Dungeon.
You visited 1 branch of the dungeon, and saw 2 of its levels.

You collected 44 gold pieces.

Inventory:

Hand Weapons
 c - a +0 dagger (weapon)
Armour
 a - a +0 robe (worn)
Jewellery
 h - an amulet of guardian spirit
Scrolls
 b - 5 scrolls of identify {unknown}
 d - a scroll of noise {unknown}
 g - a scroll of teleportation {unknown}
Potions
 e - a potion of cancellation {unknown}
 f - a potion of attraction {unknown}


   Skills:
 - Level 0.2 Fighting
 + Level 1.2 Short Blades
 - Level 2.1 Dodging
 + Level 3.7 Stealth
 - Level 2.0 Spellcasting
 + Level 4.7 Necromancy


You had 4 spell levels left.
You knew the following spells:

 Your Spells              Type           Power      Damage    Failure   Level
a - Pain                  Necr           68%        1d7       2%          1

Your spell library contained the following spells:

 Spells                   Type           Power      Damage    Failure   Level
 Animate Skeleton         Necr           34%        N/A       2%          1
 Vampiric Draining        Necr           8%         2d7       9%          3
 Animate Dead             Necr           8%         N/A       28%         4
 Agony                    Necr           17%        N/A       61%         5


Dungeon Overview and Level Annotations

Branches:
Dungeon (2/15)

Altars:


Innate Abilities, Weirdness & Mutations

You do not regenerate when monsters are visible.
You are frail without blood (-20% HP).
You can heal yourself when you bite living creatures.
You are immune to poison.
You have razor-sharp teeth.
You have supernaturally acute eyesight. (SInv)
You are afflicted with vampirism.


Message History

A hobgoblin comes into view.
The adder bites you but does no damage. The goblin barely misses you.
The hobgoblin shouts!
You barely miss the adder. The hobgoblin barely misses you.
The adder bites you but does no damage.
You hit the adder.
The adder is lightly wounded.
The adder bites you. The goblin hits you with a +0 club.
The hobgoblin barely misses you.
You hit the adder.
The adder is moderately wounded.
The adder closely misses you. The goblin hits you but does no damage.
The hobgoblin barely misses you. The adder closely misses you.
You hit the adder but do no damage.
The adder is moderately wounded.
The goblin hits you with a +0 club.
The hobgoblin hits you but does no damage.
The adder misses you.
You are too injured to fight recklessly!
You are too injured to fight recklessly!
You are too injured to fight recklessly!
You are too injured to fight recklessly!
You are too injured to fight recklessly!
You are too injured to fight recklessly!
You are too injured to fight recklessly!
You are too injured to fight recklessly!
You are too injured to fight recklessly!
You are too injured to fight recklessly!
You are too injured to fight recklessly!
You are too injured to fight recklessly!
You are too injured to fight recklessly!
You are too injured to fight recklessly!
You are too injured to fight recklessly!
Unknown command.
The adder bites you.
* * * LOW HITPOINT WARNING * * *
A goblin comes into view. It is wielding a +0 club.
The adder barely misses you. The adder bites you.
You die...

#..............# .#
#..............#...###
#..............#.....
#.......(......#...###
#..............#......
##..!......g..$.....#.
#............<..[>...
.............g......#.
.............gS@.......
..........#######?##.#.
.g........ .# #
......... .# ....... .
..... #


You could see an adder, 2 hobgoblins and a goblin.

Vanquished Creatures
  A dart slug (D:1)
  2 ball pythons (D:1)
  2 giant cockroaches (D:1)
  4 hobgoblins (D:1)
  3 bats (D:1)
  5 frilled lizards (D:1)
  4 kobolds (D:1)
  4 rats (D:1)
25 creatures vanquished.

Notes
Turn   | Place    | Note
-------+----------+-------------------------------------------
     0 | D:1      | ZappyNine the Vampire Necromancer began the quest for the
                  | Orb.
     0 | D:1      | Reached XP level 1. HP: 13/13 MP: 3/3
   283 | D:1      | Reached XP level 2. HP: 18/19 MP: 5/5
   389 | D:1      | Reached skill level 1 in Short Blades
  1041 | D:2      | Slain by an adder

Illustrated notes

Levels and vault maps discovered:
D:1:      psy_arrival_terrarium, layout_basic, corner_web_ring, st_stairs_3,
          minmay_heptomino_h4
D:2:      layout_basic, hellmonk_ecumenical_altar_blasted, minmay_surrounded,
          uniq_natasha

Skill      XL: |  1  2 |
---------------+-------+-----
Short Blades   | 1 |  1.2
Fighting       | |  0.2
Dodging        | |  2.1
Stealth        | |  3.7
Spellcasting   | |  2.0
Necromancy     | |  4.7

Action                   || total
-------------------------++-------
Melee: Dagger            ||    73
       Unarmed           ||    10
       Bite              ||     5
 Abil: Exsanguinate      ||     1
 Stab: Sleeping          ||    10
Armor: Robe              ||    23
Dodge: Dodged            ||    60

Table legend: (Time is in decaauts)
 A = Elapsed time spent in this place.
 B = Non-inter-level travel time spent in this place.
 C = Inter-level travel time spent in this place.
 D = Time resting spent in this place.
 E = Time spent auto-exploring this place.
 F = Levels seen in this place.
 G = Mean time per level.
                   A        B        C        D        E       F      G
               +--------+--------+--------+--------+--------+-----+--------+
         Total |   1037 |   1029 |      8 |     24 |    806 |   2 |  518.5 |
       Dungeon |   1037 |   1029 |      8 |     24 |    806 |   2 |  518.5 |
               +--------+--------+--------+--------+--------+-----+--------+

Top non-repeatable levels by time:
     D:1: 1016 daAuts
     D:2: 21 daAuts
